 Dungeon Crawl Stone Soup version 0.17.2-1-ge4368a0 (webtiles) character file.

7887 hurricos the Zephyrmancer (level 11, -11/48 HPs)
             Began as a Tengu Air Elementalist on Oct 15, 2016.
             Was an Elder of Makhleb.
             Killed from afar by Erica (33 damage)
             ... with an orb of energy
             ... on level 8 of the Dungeon.
             The game lasted 00:18:17 (11691 turns).

hurricos the Zephyrmancer (Tengu Air Elementalist) Turns: 11691, Time: 00:18:17

Health: -11/48     AC: 10    Str:  8    XL:     11   Next: 22%
Magic:  6/31       EV: 14    Int: 27    God:    Makhleb [****..]
Gold:   548        SH:  0    Dex: 15    Spells: 6 memorised, 9 levels left

rFire  . . .     SeeInvis +     H - +10 spear of Comoopt {pierce, rPois}
rCold  . . .     Clarity  .     p - +2 ring mail of Exclusion {+Blink MR+ Int+3 SInv}
rNeg   . . .     SustAt   .     (no shield)
rPois  +         Gourm    .     (helmet restricted)
rElec  .         Spirit   .     i - +1 cloak
rCorr  .         Warding  .     D - +0 pair of gloves
rMut   +         Stasis   .     (boots unavailable)
MR     +....                    n - amulet of resist mutation
Stlth  +.........               (no ring)
                                z - ring of magical power

@: brilliant, flying quickly and evasively, very slightly contaminated, quick,
somewhat resistant to hostile enchantments, very unstealthy
A: beak, talons 3, see invisible, frail 1, able to fly 1
a: Minor Destruction, Lesser Servant of Makhleb, Major Destruction, Renounce
Religion, Evoke Blink


You were on level 8 of the Dungeon.
You worshipped Makhleb.
Makhleb was greatly pleased with you.
You were not hungry.

You visited 1 branch of the dungeon, and saw 10 of its levels.

You collected 548 gold pieces.

Inventory:

Hand Weapons
 a - a +1 spear
 f - a cursed -2 hand axe
 v - the +1 mace "Anwe" {crush, *Contam rC+ Str+3, LEHUDIB'S CRYSTAL SPEAR}
   (You found it on level 4 of the Dungeon)

   It inflicts extra damage upon your enemies.
   It affects your strength (+3).
   It protects you from cold.
   It causes magical contamination when unequipped.
 E - a +2 shortbow of evasion
 H - the +10 spear of Comoopt (weapon) {pierce, rPois}
   (You found it on level 8 of the Dungeon)

   It inflicts extra damage upon your enemies.
   It protects you from poison.
Armour
 d - a +0 robe
 i - a +1 cloak (worn)
 p - the +2 ring mail of Exclusion (worn) {+Blink MR+ Int+3 SInv}
   (You found it on level 5 of the Dungeon)

   It affects your intelligence (+3).
   It affects your resistance to hostile enchantments.
   It lets you see invisible.
   It lets you blink.
 u - a +2 scale mail of poison resistance
 D - a +0 pair of gloves (worn)
Jewellery
 e - an uncursed amulet of rage
 n - an amulet of resist mutation (around neck)
 s - an uncursed amulet of resist corrosion
 z - a ring of magical power (left hand)
Wands
 g - a wand of frost (17)
 h - a wand of frost (13)
 o - a wand of digging (7)
 C - a wand of fire (14)
Scrolls
 t - a scroll of enchant weapon
 B - 3 scrolls of remove curse
 G - a scroll of fog
 I - a scroll of recharging
Books
 b - a book of Air

   Spells                             Type                      Level
   a - Shock                          Conjuration/Air              1
   b - Swiftness                      Charms/Air                   2
   c - Repel Missiles                 Charms/Air                   2
   d - Static Discharge               Conjuration/Air              3
   e - Lightning Bolt                 Conjuration/Air              5
 c - a book of Beasts

   Spells                             Type                      Level
   a - Summon Butterflies             Summoning                    1
   b - Call Canine Familiar           Summoning                    3
   c - Summon Ice Beast               Ice/Summoning                4
   d - Summon Mana Viper              Hexes/Summoning              5
   e - Summon Hydra                   Summoning                    7
 k - a book of Party Tricks

   Spells                             Type                      Level
   a - Summon Butterflies             Summoning                    1
   b - Apportation                    Translocation                1
   c - Tukima's Dance                 Hexes                        3
   d - Alistair's Intoxication        Transmutation/Poison         4
   e - Invisibility                   Hexes                        6
 m - a book of Hinderance

   Spells                             Type                      Level
   a - Confusing Touch                Hexes                        2
   b - Confuse                        Hexes                        3
   c - Gell's Gravitas                Hexes/Translocation          3
   d - Petrify                        Transmutation/Earth          4
   e - Metabolic Englaciation         Hexes/Ice                    5
Comestibles
 j - 2 fruits
 l - 3 meat rations
 q - 3 beef jerkies
 r - a royal jelly
 x - a slice of pizza
 F - 2 bread rations


   Skills:
 - Level 5.3 Dodging
 - Level 2.0 Stealth
 + Level 6.9 Spellcasting
 * Level 13.0 Conjurations
 * Level 13.3 Air Magic
 - Level 2.2 Invocations


You had 9 spell levels left.
You knew the following spells:

 Your Spells              Type           Power        Failure   Level  Hunger
a - Shock                 Conj/Air       ####         1%          1    None
c - Static Discharge      Conj/Air       #######.     1%          3    None
k - Repel Missiles        Chrm/Air       ######       1%          2    None
l - Lightning Bolt        Conj/Air       #######...   1%          5    #####..
w - Swiftness             Chrm/Air       ######..     1%          2    None
Z - Summon Butterflies    Summ           ####....     2%          1    None


Dungeon Overview and Level Annotations

Branches:
Dungeon (10/15)            Temple (0/1) D:7
   Lair: D:8-11         Orc: D:9-12

Altars:
Ashenzari
Dithmenos
Elyvilon
Makhleb
Okawaru
Ru
Vehumet
Yredelemnul
The Shining One

Shops:
D:6 [

Annotations:
D:8 Erica


Innate Abilities, Weirdness & Mutations

You have a beak for a mouth.
You have claws for feet.
You can fly.
You have supernaturally acute eyesight.
You are frail (-10% HP).


Message History

No target in view!
Things that are here:
an uncursed shortbow; 20 arrows; a centaur corpse
Things that are here:
an uncursed shortbow; 20 arrows; a centaur corpse Really fly into that teleport trap?
You enter a teleport trap!
The teleport trap disappears.
Your surroundings seem slightly different.
Erica shouts!
Erica gestures at you while chanting. You resist with almost no effort.
Erica gestures at you while chanting.
The orb of energy is repelled.
You feel less protected from missiles.
Things that are here:
an uncursed shortbow; 20 arrows; a centaur corpse Erica gestures at you while chanting.
The orb of energy hits you!
Ouch! That really hurt!
You die...

#.... #### #.... ##..# #....
###...### ### #.@..
####.......###..## #....
#######...........#....# ##...
##......................# #.#.
##..######...........#..# ##...
...## ##.......@......# ###...#
.### #..#....).......# #...#.#
###### #.##............# #.###.#
.#...###.###.........#..###@# #.#
......#..##.................###.#
........###......@...#......##.[#
.....................#......##.##
.........##..........#......##.#
.........##.................##.#


You could see Erica.

Vanquished Creatures
  A hill giant (D:5)
  A cyclops (D:7)
  Grinder (D:5)
  Prince Ribbit (D:5)
  Sigmund (D:5)
  6 yaks (D:9)
  2 hungry ghosts (D:7)
  3 wolves
  Grum (D:8)
  A hippogriff (D:8)
  A vampire mosquito (D:7)
  Menkaure (D:5)
  2 orc warriors (D:7)
  The ghost of hurricos the Gusty, an amateur TeAE of Makhleb (D:4)
  2 ice beasts (D:6)
  2 sky beasts
  A phantom (D:7)
  3 ogres
  A black bear (D:10)
  8 centaurs
  2 big kobolds
  4 giant frogs
  Blork the orc (D:5)
  4 scorpions
  A water moccasin skeleton (D:7)
  4 killer bees
  4 crimson imps
  3 jellies
  A giant frog zombie (D:7)
  8 orc priests
  5 hounds
  7 orc wizards
  5 iguanas
  10 worker ants
  A hound zombie (D:10)
  3 hound skeletons
  Robin (D:3)
  12 adders
  A shadow imp (D:8)
  2 white imps (D:9)
  5 worms
  5 giant geckos
  32 orcs
  9 giant cockroaches
  19 goblins
  9 hobgoblins
  22 jackals
  16 kobolds
  3 quokkas
  3 ball pythons
  5 bats
  A giant cockroach zombie (D:5)
  4 giant newts
  A jackal skeleton (D:6)
  A quokka skeleton (D:8)
  11 rats
265 creatures vanquished.

Vanquished Creatures (collateral kills)
  The ghost of hexophile the Slicer, a novice HuFi of Cheibriados (D:8)
  A sky beast (D:7)
  An iguana (D:7)
3 creatures vanquished.

Vanquished Creatures (others)
  A giant gecko (D:7)
1 creature vanquished.

Grand Total: 269 creatures vanquished

Notes
Turn   | Place    | Note
--------------------------------------------------------------
     0 | D:1      | hurricos the Tengu Air Elementalist began the quest for the Orb.
     0 | D:1      | Reached XP level 1. HP: 10/10 MP: 4/4
   445 | D:1      | Reached XP level 2. HP: 15/15 MP: 4/6
  1165 | D:2      | Learned a level 2 spell: Repel Missiles
  1168 | D:2      | Learned a level 2 spell: Swiftness
  1241 | D:2      | Reached XP level 3. HP: 15/19 MP: 0/7
  1512 | D:2      | Reached skill level 5 in Air Magic
  1512 | D:2      | Reached XP level 4. HP: 14/24 MP: 1/8
  1681 | D:2      | Learned a level 1 spell: Summon Butterflies
  1973 | D:2      | Found a white marble altar of Elyvilon.
  1974 | D:2      | Found a sacrificial altar of Ru.
  2163 | D:2      | Found a faded altar to an unknown god.
  2338 | D:2      | Gained mutation: You can fly. [Tengu growth]
  2338 | D:2      | Reached XP level 5. HP: 25/28 MP: 1/9
  2425 | D:2      | Learned a level 3 spell: Static Discharge
  2585 | D:3      | Noticed Robin
  2693 | D:3      | Killed Robin
  2905 | D:3      | Reached skill level 6 in Air Magic
  3137 | D:3      | Found a shadowy altar of Dithmenos.
  3246 | D:3      | Found a glowing golden altar of the Shining One.
  3437 | D:3      | Reached skill level 5 in Conjurations
  3437 | D:3      | Reached XP level 6. HP: 32/32 MP: 6/11
  3503 | D:4      | Found an iron altar of Okawaru.
  3526 | D:4      | Noticed hurricos's ghost (amateur TeAE)
  3546 | D:4      | Killed hurricos's ghost
  3546 | D:4      | Reached skill level 7 in Air Magic
  3649 | D:4      | Got a transparent mace
  3650 | D:4      | Identified the +1 mace "Anwe" {crush, *Contam rC+ Str+3} (You found it on level 4 of the Dungeon)
  3655 | D:4      | Reached XP level 7. HP: 36/36 MP: 8/12
  3702 | D:4      | Found a burning altar of Makhleb.
  3746 | D:4      | Became a worshipper of Makhleb the Destroyer
  4525 | D:4      | Reached * piety under Makhleb
  4707 | D:5      | Entered Level 5 of the Dungeon
  4850 | D:5      | Noticed Blork the orc
  4852 | D:5      | Noticed Grinder
  4854 | D:5      | Paralysed by Grinder for 2 turns
  5315 | D:5      | Killed Blork the orc
  5336 | D:5      | Noticed Menkaure
  5444 | D:5      | Killed Menkaure
  5444 | D:5      | Reached skill level 8 in Air Magic
  5444 | D:5      | Reached skill level 1 in Invocations
  5444 | D:5      | Reached XP level 8. HP: 21/41 MP: 11/14
  5454 | D:5      | Paralysed by Grinder for 5 turns
  5690 | D:4      | Learned a level 5 spell: Lightning Bolt
  5705 | D:5      | Killed Grinder
  6161 | D:5      | Noticed Sigmund
  6203 | D:5      | Killed Sigmund
  6203 | D:5      | Reached skill level 9 in Air Magic
  6354 | D:5      | Noticed Prince Ribbit
  6373 | D:5      | Killed Prince Ribbit
  6486 | D:5      | Got a transparent ring mail
  6606 | D:5      | Reached XP level 9. HP: 34/45 MP: 7/16
  6684 | D:5      | Identified the +2 ring mail of Exclusion {+Blink MR+ Int+3 SInv} (You found it on level 5 of the Dungeon)
  6903 | D:5      | Noticed a hill giant
  7039 | D:5      | Killed a hill giant
  7039 | D:5      | Reached skill level 10 in Air Magic
  7057 | D:5      | Reached ** piety under Makhleb
  7220 | D:5      | Reached skill level 5 in Spellcasting
  7497 | D:6      | Gained mutation: You have supernaturally acute eyesight. [potion of beneficial mutation]
  7744 | D:6      | Found Kuos's Armour Shop.
  7886 | D:6      | Reached skill level 10 in Conjurations
  7923 | D:6      | Reached skill level 5 in Dodging
  8237 | D:7      | Reached *** piety under Makhleb
  8346 | D:7      | Reached XP level 10. HP: 50/50 MP: 18/19
  8377 | D:7      | Reached skill level 11 in Air Magic
  9442 | D:7      | Noticed a cyclops
  9476 | D:7      | Killed a cyclops
  9735 | D:7      | Reached skill level 12 in Air Magic
  9865 | D:7      | Found a staircase to the Ecumenical Temple.
  9942 | D:7      | Found a basalt altar of Yredelemnul.
 10131 | D:7      | Reached **** piety under Makhleb
 10262 | D:8      | Noticed hexophile's ghost (novice HuFi)
 10340 | D:8      | Killed hexophile's ghost
 10360 | D:8      | Noticed Grum
 10374 | D:8      | Found a radiant altar of Vehumet.
 10714 | D:8      | Killed Grum
 10887 | D:8      | Noticed Erica
 10964 | D:8      | Found a shattered altar of Ashenzari.
 10968 | D:8      | Got a crystal spear
 10969 | D:8      | Identified the +10 spear of Comoopt {pierce, rPois} (You found it on level 8 of the Dungeon)
 10977 | D:8      | Reached XP level 11. HP: 54/54 MP: 22/22
 11019 | D:8      | Gained mutation: You are frail (-10% HP). [mutagenic glow]
 11178 | D:8      | You are sucked into a shaft for 2 floors!
 11178 | D:10     | Entered Level 10 of the Dungeon
 11447 | D:9      | Reached skill level 13 in Air Magic
 11578 | D:9      | HP: 1/48 [killer bee (6)]
 11691 | D:8      | Killed from afar by Erica

Action                   |  1- 3 |  4- 6 |  7- 9 | 10-12 || total
-------------------------+-------+-------+-------+-------++-------
Melee: Spear             |    17 |    28 |       |    25 ||    70
       Mace              |       |       |    29 |     8 ||    37
 Cast: Shock             |    65 |   134 |   270 |   297 ||   766
       Repel Missiles    |     1 |       |     1 |     1 ||     3
       Static Discharge  |       |     7 |    19 |    21 ||    47
       Lightning Bolt    |       |       |     3 |     7 ||    10
       Summon Butterflie |       |       |     2 |       ||     2
Invok: Lesser Servant of |       |       |       |     2 ||     2
 Abil: Evoke Berserk Rag |     1 |       |     1 |     1 ||     3
       Fly               |       |       |     3 |     8 ||    11
Evoke: Wand              |       |       |       |     2 ||     2
  Use: Scroll            |     1 |     3 |     6 |     7 ||    17
       Potion            |     1 |     1 |     7 |     9 ||    18
 Stab: Sleeping          |     1 |       |       |       ||     1
  Eat: Chunk             |     3 |     3 |     6 |     7 ||    19
       Bread ration      |       |     2 |     2 |     2 ||     6
       Fruit             |       |       |       |     2 ||     2
